 Dungeon Crawl Stone Soup version 0.28.0-45-g0d030f2227 (webtiles) character file.

Game seed: 2657736158390511827

9069 issech the Carver (level 11, -2/98 HPs)
             Began as a Troll Monk on Apr 2, 2022.
             Was a High Priest of Hepliaklqana.
             Slain by an 11-headed hydra (8 damage)
             ... on level 1 of the Lair of Beasts on Apr 3, 2022.
             The game lasted 00:47:36 (10773 turns).

issech the Carver (Troll Monk)                     Turns: 10773, Time: 00:47:36

Health: -2/98      AC:  9    Str: 21    XL:     11   Next: 18%
Magic:  10/10      EV: 14    Int:  6    God:    Hepliaklqana [*****.]
Gold:   458        SH:  0    Dex: 22    Spells: 10/10 levels left

rFire   . . .      SeeInvis .   G - +7 long sword (spect)
rCold   . . .      Faith    .   (no shield)
rNeg    . . .      Spirit   .   F - +2 robe {Archmagi}
rPois   .          Reflect  .   Y - +2 hat
rElec   .          Harm     .   T - +0 cloak
rCorr   +          Rampage  .   (gloves unavailable)
Will    .....      Archmagi +   (boots unavailable)
Stlth   +++.......              d - amulet of regeneration
HPRegen 1.86/turn               I - ring of resist corrosion
MPRegen 0.12/turn               N - +6 ring of dexterity

@: no status effects
A: reduced essence, large, unfitting armour, claws 3, regeneration 1, shaggy fur
1, tough skin 1
a: Renounce Religion, Recall Ancestor, Ancestor Identity, Transference, Idealise


You were on level 1 of the Lair of Beasts.
You worshipped Hepliaklqana.
Hepliaklqana was extremely pleased with you.
You visited 3 branches of the dungeon, and saw 13 of its levels.
You also visited: Ossuary.

You collected 458 gold pieces.

Inventory:

Hand Weapons
 b - a +0 vorpal flail
 q - a +0 giant spiked club of venom
 w - a +4 great sword of freezing
 z - a +4 whip
 B - a +1 flail of holy wrath
 G - a +7 spectral long sword (weapon)
 H - a +0 morningstar
 K - a +0 vorpal giant spiked club
 R - a +0 longbow
Missiles
 i - 128 bolts
 l - 36 sling bullets
 m - 292 stones
 n - 194 arrows
 x - 36 poisoned darts
 J - 2 boomerangs
 P - 2 silver boomerangs
 U - 3 large rocks (quivered)
 Z - a curare-tipped dart
Armour
 A - an orb of guile
 F - a +2 robe of the Archmagi (worn)
 T - a +0 cloak (worn)
 Y - a +2 hat (worn)
Jewellery
 c - a ring of protection from cold
 d - an amulet of regeneration (around neck)
 p - an amulet of the acrobat
 I - a ring of resist corrosion (left claw)
 N - a +6 ring of dexterity (right claw)
 S - an amulet of faith
 W - a ring of magical power
Wands
 s - a wand of paralysis (23)
 v - a wand of acid (13)
 C - a wand of flame (19)
 Q - a wand of charming (2)
 V - a wand of polymorph (12)
Scrolls
 e - 6 scrolls of teleportation
 j - a scroll of acquirement {unknown}
 k - 2 scrolls of blinking
 r - a scroll of enchant armour
 u - 3 scrolls of brand weapon
 y - 2 scrolls of fog
 X - 2 scrolls of holy word
Potions
 a - 2 potions of mutation
 f - a potion of haste
 g - 4 potions of berserk rage {unknown}
 h - 9 potions of curing {unknown}
 o - 2 potions of invisibility {unknown}
 t - 4 potions of heal wounds {unknown}
 D - 4 potions of degeneration {unknown}
 E - 2 potions of resistance {unknown}
 L - a potion of might {unknown}
 M - 3 potions of magic {unknown}
 O - a potion of flight {unknown}


   Skills:
 + Level 7.5 Fighting
 + Level 10.0 Long Blades
 + Level 4.8 Maces & Flails
 + Level 1.0 Throwing
 + Level 6.1 Dodging
 + Level 3.4 Stealth


You had 10 spell levels left.
You didn't know any spells.
Your spell library contained the following spells:

 Spells                   Type           Power      Damage    Failure   Level
 Animate Skeleton         Necr           0%         N/A       45%         1
 Apportation              Tloc           0%         N/A       45%         1
 Beastly Appendage        Tmut           0%         N/A       45%         1
 Foxfire                  Conj/Fire      0%         2x1d4     45%         1
 Magic Dart               Conj           0%         1d3       45%         1
 Sandblast                Erth           0%         2d4       45%         1
 Summon Small Mammal      Summ           0%         N/A       45%         1
 Call Imp                 Summ           0%         N/A       58%         2
 Ensorcelled Hibernation  Hex/Ice        0%         N/A       58%         2
 Passwall                 Tmut/Erth      0%         N/A       58%         2
 Wereblood                Tmut           0%         N/A       58%         2
 Conjure Flame            Conj/Fire      0%         6-21      83%         3
 Inner Flame              Hex/Fire       0%         N/A       83%         3
 Mephitic Cloud           Conj/Pois/Air  0%         N/A       83%         3
 Spider Form              Tmut/Pois      0%         N/A       83%         3
 Stone Arrow              Conj/Erth      0%         3d7       83%         3
 Swiftness                Air            0%         N/A       83%         3
 Flame Wave               Conj/Fire      0%         2d4       99%         4
 Olgreb's Toxic Radiance  Pois           0%         N/A       99%         4
 Ozocubu's Refrigeration  Ice            0%         4d5       100%        7
 Ignition                 Fire           0%         3d3       100%        8


Dungeon Overview and Level Annotations

Branches:
Dungeon (11/15)            Temple (1/1) D:5            Lair (1/6) D:10
    Orc (0/2) D:9         Ossuary (visited)

Altars:
Ashenzari
Cheibriados
Dithmenos
Elyvilon
Fedhas
Gozag
Hepliaklqana
Kikubaaqudgha
Makhleb
Nemelex Xobeh
Okawaru
Qazlal
Ru
Sif Muna
Trog
Uskayaw
Vehumet
Wu Jian
Xom
Yredelemnul
Zin
The Shining One
Beogh

Shops:
D:6 [   D:9 =   D:10 [


Innate Abilities, Weirdness & Mutations

Your life essence is reduced to manifest your ancestor. (-10% HP)
You are too large for most types of armour.
You have claws for hands.
Your natural rate of healing is unusually fast.
You are covered in fur. (AC +1)
You have tough skin. (AC +1)


Message History

You lop one of the nine-headed hydra's heads off!
The eight-headed hydra grows two more!
You slash the ten-headed hydra!
The ten-headed hydra is moderately wounded.
Your +7 spectral long sword hits the ten-headed hydra!
Your +7 spectral long sword lops one of the ten-headed hydra's heads off!
The nine-headed hydra grows two more!
Septima hits the 11-headed hydra with a +0 quarterstaff.
The 11-headed hydra bites you!
* * * LOW HITPOINT WARNING * * *
The 11-headed hydra closely misses you. x4
The 11-headed hydra bites you but does no damage.
The 11-headed hydra bites you.
* * * LOW HITPOINT WARNING * * *
The 11-headed hydra misses you.
The 11-headed hydra bites you but does no damage.
The 11-headed hydra bites you!
* * * LOW HITPOINT WARNING * * *
The 11-headed hydra bites you.
* * * LOW HITPOINT WARNING * * *
Septima hits the 11-headed hydra with a +0 quarterstaff!
Septima hits the 11-headed hydra with a +0 quarterstaff!
The 11-headed hydra bites Septima! x2; The 11-headed hydra misses Septima.
The 11-headed hydra bites Septima!
Septima is destroyed!
Unknown command.
You slash the fungus!
The fungus begins to die.
The fungus is lightly damaged.
Your +7 spectral long sword hits the fungus!
The 11-headed hydra bites you. The 11-headed hydra bites you!
* * * LOW HITPOINT WARNING * * *
The 11-headed hydra bites you!
* * * LOW HITPOINT WARNING * * *
The 11-headed hydra bites you but does no damage. x2
The 11-headed hydra closely misses you. The 11-headed hydra bites you!
* * * LOW HITPOINT WARNING * * *
The 11-headed hydra bites you.
* * * LOW HITPOINT WARNING * * *
The 11-headed hydra bites you but does no damage.
The 11-headed hydra bites you!
You die...

#..####..# #..##
#..# # #..
#..####... #..##
.# ... #.†P#
...## #...#..#
#.. #..## #...#
#...#..# #..
#..## #...#
#......#
#...###..# #.....
#........####..#
#......[.......#
#.
#...####..D@(...#
... ##..#
#...#P...##....
#..#
#..P###......#
#..# #..##
#..#P..# #...
#..# #..##..##
#.. #..#
##...#.^P# ...#
#.......## .#..#
##......#
#..##..#


You could see a 11-headed hydra and a friendly +7 spectral long sword
(summoned).

Vanquished Creatures
  The ghost of ndowd the Chopper, a novice TrBe of Trog (D:7)
  A black mamba (Lair:1)
  A komodo dragon (D:10)
  A hornet (D:7)
  A shadow (D:11)
  2 basilisks (D:10)
  Menkaure (D:5)
  3 orc warriors
  A black bear (D:4)
  A necrophage (D:6)
  3 ogres
  4 centaurs
  3 kobold brigands
  4 bullfrogs
  A scorpion (D:5)
  A gnoll sergeant (D:10)
  12 wights
  4 killer bees (D:9)
  3 howler monkeys (D:7)
  A bullfrog zombie (D:5)
  5 centaur zombies
  A hound (D:4)
  A bullfrog skeleton (D:4)
  8 orc priests
  3 iguanas
  10 orc wizards
  Ijyb (D:5)
  A hound zombie (D:5)
  3 mummies (Ossuary)
  13 gnolls
  6 adders
  A white imp (D:7)
  4 dart slugs
  34 orcs
  7 bats
  8 endoplasms
  2 giant cockroaches
  4 goblins
  3 hobgoblins
  16 jackals
  3 quokkas
  A ball python (D:4)
  5 frilled lizards
  3 hobgoblin zombies (Ossuary)
  11 kobolds
  10 rats
  A spectral goblin (D:1)
214 creatures vanquished.

Vanquished Creatures (collateral kills)
  2 two-headed ogres
  An ugly thing (D:11)
  A komodo dragon (D:10)
  A wyvern (D:10)
  A basilisk (D:10)
  2 steam dragons
  A necrophage (D:7)
  An orc warrior (D:7)
  A bullfrog (D:8)
  Blork the orc (D:6)
  2 killer bees (D:9)
  A howler monkey (D:7)
  2 orc priests (D:6)
  2 centaur zombies
  3 orc wizards
  2 killer bee zombies (D:8)
  2 mummies (Ossuary)
  A gnoll (D:10)
  11 orcs
  6 kobolds
44 creatures vanquished.

Vanquished Creatures (others)
  A battlemage (Lair:1)
  A fungus (Lair:1)
  3 plants
5 creatures vanquished.

Grand Total: 263 creatures vanquished

Notes
Turn   | Place    | Note
-------+----------+-------------------------------------------
     0 | D:1      | issech the Troll Monk began the quest for the Orb.
     0 | D:1      | Reached XP level 1. HP: 22/22 MP: 0/0
   176 | D:1      | Reached XP level 2. HP: 28/29 MP: 1/1
   508 | D:1      | Found a faded altar of an unknown god.
  1177 | D:2      | Reached XP level 3. HP: 36/36 MP: 2/2
  1841 | D:2      | Reached XP level 4. HP: 44/44 MP: 3/3
  3046 | D:3      | Reached XP level 5. HP: 53/53 MP: 4/4
  3335 | D:4      | Reached XP level 6. HP: 49/61 MP: 5/5
  3515 | D:4      | Reached skill level 1 in Throwing
  3793 | D:4      | Reached skill level 1 in Long Blades
  4079 | D:4      | Found a shimmering altar of Xom.
  4126 | D:4      | Reached skill level 2 in Long Blades
  4126 | D:4      | Reached XP level 7. HP: 64/68 MP: 6/6
  4320 | D:5      | Entered Level 5 of the Dungeon
  4332 | D:5      | Reached skill level 3 in Long Blades
  4340 | D:5      | Noticed Ijyb
  4462 | D:4      | Reached skill level 4 in Long Blades
  4535 | D:5      | Found a staircase to the Ecumenical Temple.
  4553 | D:5      | Reached XP level 8. HP: 76/78 MP: 7/7
  4563 | Temple   | Entered the Ecumenical Temple
  4723 | D:5      | Noticed Menkaure
  4724 | D:5      | Paralysed by Ijyb for 4 turns
  4728 | D:5      | Killed Ijyb
  4731 | D:5      | Killed Menkaure
  4922 | D:5      | Reached skill level 5 in Long Blades
  4922 | D:5      | Found a glowing silver altar of Zin.
  5147 | D:5      | Found an ancient bone altar of Kikubaaqudgha.
  5147 | D:5      | Found a hazy altar of Hepliaklqana.
  5152 | D:5      | Became a worshipper of Hepliaklqana the Forgotten
  5152 | D:5      | Reached * piety under Hepliaklqana
  5152 | D:5      | Reached ** piety under Hepliaklqana
  5153 | D:5      | Remembered your ancestor Septima as a battlemage
  5293 | D:6      | Noticed Blork the orc
  5300 | D:6      | Killed Blork the orc
  5301 | D:6      | Reached skill level 5 in Fighting
  5301 | D:6      | Reached skill level 6 in Long Blades
  5399 | D:6      | Found a sand-covered staircase.
  5407 | Ossuary  | Entered an ossuary
  5414 | Ossuary  | Reached XP level 9. HP: 75/79 MP: 8/8
  5792 | D:6      | Found Buipt's Antique Armour Boutique.
  6175 | D:7      | Paralysed by a hornet for 1 turns
  6349 | D:7      | Reached skill level 7 in Long Blades
  6437 | D:7      | Found a runed translucent gate.
  6437 | D:7      | Noticed ndowd's ghost (novice TrBe)
  6438 | D:7      | Found a runed translucent gate.
  6439 | D:7      | Identified the +14 plate armour of Majestic Knowledge
                  | {Dex+6 Stlth+}
  6439 | D:7      | Found a runed translucent gate.
  6445 | D:7      | Reached *** piety under Hepliaklqana
  6705 | D:7      | Found a sparkling altar of Nemelex Xobeh.
  7156 | D:7      | Reached skill level 5 in Dodging
  7174 | D:7      | Killed ndowd's ghost
  7175 | D:7      | Reached skill level 8 in Long Blades
  7274 | D:8      | Reached XP level 10. HP: 88/88 MP: 9/9
  7552 | D:8      | Reached **** piety under Hepliaklqana
  8264 | D:9      | Found Kuryux's Jewellery Shoppe.
  8451 | D:9      | Found a staircase to the Orcish Mines.
  8556 | D:9      | Found a broken altar of Ashenzari.
  9101 | D:9      | Reached ***** piety under Hepliaklqana
  9130 | D:10     | Entered Level 10 of the Dungeon
  9276 | D:10     | Reached skill level 9 in Long Blades
  9374 | D:10     | Found a staircase to the Lair.
  9700 | D:10     | Noticed a two-headed ogre
  9707 | D:10     | Killed a two-headed ogre
  9783 | D:10     | Found Zeta's Armour Shoppe.
 10263 | D:11     | Noticed a two-headed ogre
 10270 | D:11     | Noticed a purple ugly thing
 10277 | D:11     | Killed a two-headed ogre
 10278 | D:11     | Reached XP level 11. HP: 22/98 MP: 10/10
 10281 | D:11     | Killed a purple ugly thing
 10539 | D:11     | Noticed an eight-headed hydra
 10699 | Lair:1   | Entered Level 1 of the Lair of Beasts
 10730 | Lair:1   | Reached skill level 10 in Long Blades
 10746 | Lair:1   | Noticed an eight-headed hydra
 10773 | Lair:1   | Slain by an 11-headed hydra

Illustrated notes

Levels and vault maps discovered:
D:1:      nzn_arrival_settlement, layout_basic,
          dreamdust_ecumenical_altar_drowned_temple, serial_forest,
          infiniplex_forest_lined_ring, infiniplex_forest_clump_tiny,
          infiniplex_forest_lined_2, infiniplex_forest_lined_3,
          infiniplex_forest_lined_2, infiniplex_forest_straight_2
D:2:      layout_loops_corners, serial_co_window_serial, co_window_corner_a,
          co_window_of_opportunity_a, co_window_paths_a, co_window_paths_a,
          co_window_paths_a, co_window_corner_b, co_window_broadway_b,
          co_window_of_opportunity_c, dk_vineyard_2, grunt_decor_clamped
D:3:      layout_basic
D:4:      layout_loops_ring, mainiacjoe_overflow_alcove_2, chequers_arboretum
D:5:      layout_cave_pools, marbit_many_paths, gammafunk_temple_overflow_wave,
          temple_fountains, uniq_ijyb, uniq_menkaure
D:6:      layout_cave_pools, serial_shops, kennysheep_little_box,
          nicolae_ossuary_entry_plus, uniq_blork_the_orc
D:7:      layout_gridville, nemelex_spade_bored_becter,
          biasface_ghost_orc_armoury, corexii_item_surrounded_by_moat
D:8:      layout_gridville, minmay_misc_feat_rugged
D:9:      layout_roguey, mainiacjoe_overflow_concentric_impassable, orc_0_dummy,
          serial_shops, nicolae_shop_statue_plus
D:10:     layout_loops_ring, erik_lair_dragon, serial_shops,
          kennysheep_mini_moat, abandoned_shop
D:11:     layout_cave_pools
Temple:   lightli_temple_of_artemis
Lair:1:   layout_long_grid, hellmonk_guarded_unrand_zhor, grunt_megastairs_5,
          uniq_maggie

Skill      XL: |  1  2  3  4  5  6  7  8  9 10 11 |
---------------+----------------------------------+-----
Maces & Flails | 3 4 |  4.8
Fighting       | 3 4 5 6 7 |  7.5
Dodging        | 3 4 5 6 |  6.1
Throwing       | 1 |  1.0
Long Blades    | 2 4 6 8 9 10 | 10.0
Stealth        | 2 3 |  3.4

Action                   |  1- 3 |  4- 6 |  7- 9 | 10-12 || total
-------------------------+-------+-------+-------+-------++-------
Melee: Mace              |    96 |    10 |       |       ||   106
       Punch             |     3 |       |     2 |       ||     5
       Flail             |       |    64 |       |       ||    64
       Great sword       |       |    72 |    79 |       ||   151
       Long sword        |       |       |    89 |   107 ||   196
Throw: Stone             |     9 |    19 |       |       ||    28
       Large rock        |       |       |       |     1 ||     1
Invok: Ancestor Life: Ba |       |       |     1 |       ||     1
  Use: Scroll            |       |       |    11 |     5 ||    16
 Stab: Sleeping          |     5 |     3 |     1 |     3 ||    12
       Distracted        |       |       |       |     1 ||     1
Armor: Robe              |    38 |    46 |    68 |    41 ||   193
Dodge: Dodged            |    61 |    73 |   136 |    92 ||   362
